 Dungeon Crawl Stone Soup version 0.31-a0-1620-gcbf77bbcfc (webtiles) character file.

Game seed: 1181228907217912587

483358 Laraso the Draconian Blade (level 23, -5/172 (199) HPs)
             Began as a Purple Draconian Monk on Jan 11, 2024.
             Was the Champion of Makhleb.
             Slain by a frost giant
             ... wielding a +1 battleaxe of freezing
             ... summoned by a shadow demon
              (16 damage)
             ... on level 3 of the Depths.
             The game lasted 01:53:39 (51527 turns).

Laraso the Draconian Blade (Purple Draconian Monk) Turns: 51527, Time: 01:53:39

HP:   -5/172 (199)  AC: 19    Str: 18    XL:     23   Next: 74%
MP:   0/35          EV: 37    Int: 13    God:    Makhleb [******]
Gold: 3488          SH:  0    Dex: 23    Spells: 9/38 levels left

rFire   + . .        F - +11 plutonium sword {^Contam Stlth-}
rCold   x . .        (shield currently unavailable)
rNeg    . . .        (body armour unavailable)
rPois   .            (helmet restricted)
rElec   +            u - +1 cloak {rCorr}
rCorr   +            W - +2 pair of gloves
SInv    .            N - +2 pair of boots {rampage}
Will    +++..        K - amulet "Puname" {Spirit Regen+ Int+2}
Stlth   +++          z - ring "Fytrasuz" {Fire rElec rCorr Str+3}
HPRegen 1.28/turn    Y - ring of the Hare {EV+10}
MPRegen 0.24/turn

%: guardian spirit, rampage
@: maw-form, silenced, hasted, studying 3 skills, heavily drained, very quick
A: devouring maw, breathe power, AC +11, unfitting armour, cold-blooded
}: 2/15 runes: serpentine, barnacled
a: Breathe Dispelling Energy, Begin Untransformation, Renounce Religion


You were on level 3 of the Depths.
You worshipped Makhleb.
Makhleb was exalted by your worship.
You were a creature with a mouth for a stomach.
You visited 8 branches of the dungeon, and saw 40 of its levels.
You visited the Abyss 1 time.
You visited 1 bazaar.
You also visited: Sewer, Bailey and Wizlab.

You collected 6564 gold pieces.
You spent 3076 gold pieces at shops.

Inventory:

Hand Weapons
 F - the +11 plutonium sword (weapon) {^Contam Stlth-}
   (You took it off a deep elf zephyrmancer on level 3 of the Elven Halls)

   ^Contam:   It causes magical contamination when unequipped.
   Stlth-:    It makes you less stealthy.
Missiles
 v - 5 throwing nets
 A - 7 atropa-tipped darts
 U - 8 darts of dispersal (quivered)
Armour
 u - a +1 cloak of preservation (worn)
 N - a +2 pair of boots of rampaging (worn)
 W - a +2 pair of gloves (worn)
Jewellery
 b - a ring of poison resistance
 f - a ring of see invisible
 g - a +5 ring of evasion
 l - a ring of protection from cold
 z - the ring "Fytrasuz" (left hand) {Fire rElec rCorr Str+3}
   (You found it on level 1 of the Shoals)

   [ring of fire]

   Fire:      It enhances your fire magic.
   Str+3:     It affects your strength (+3).
   rF+:       It protects you from fire.
   rC-:       It makes you vulnerable to cold.
   rElec:     It insulates you from electricity.
   rCorr:     It protects you from acid and corrosion.
 C - an amulet of faith
 K - the amulet "Puname" (around neck) {Spirit Regen+ Int+2}
   (You bought it in a shop on level 3 of the Shoals)

   [amulet of guardian spirit]

   Spirit:    It causes incoming damage to be divided between your reserves of
   health and magic.
   Int+2:     It affects your intelligence (+2).
   Regen+:    It increases your rate of health regeneration.
 Q - the ring of Impatience {rC+ Str+6 Int+2}
   (You found it on level 2 of the Snake Pit)

   [ring of strength]

   Str+6:     It affects your strength (+6).
   Int+2:     It affects your intelligence (+2).
   rC+:       It protects you from cold.
 R - a ring of protection from fire
 Y - the ring of the Hare (right hand) {EV+10}
   (You bought it in a shop in a bazaar)

   [ring of evasion]

   EV+10:     It affects your evasion (+10).
Talismans
 I - a maw talisman (active)
Wands
 i - a wand of mindburst (11)
 m - a wand of charming (51)
 r - a wand of acid (19)
 y - a wand of polymorph (19)
 M - a wand of iceblast (60)
 X - a wand of digging (17)
Scrolls
 a - a scroll of butterflies
 e - 9 scrolls of fear
 o - 11 scrolls of vulnerability
 p - 5 scrolls of blinking
 s - 5 scrolls of fog
 t - 2 scrolls of amnesia
 D - 15 scrolls of teleportation
 O - 7 scrolls of poison
 P - 8 scrolls of immolation
 S - 2 scrolls of torment
 V - 2 scrolls of silence
Potions
 c - 2 potions of berserk rage
 d - 2 potions of magic
 h - 6 potions of enlightenment
 j - 5 potions of heal wounds
 k - 8 potions of curing
 n - 3 potions of haste
 q - 8 potions of might
 w - 4 potions of invisibility
 x - 2 potions of attraction
 B - 5 potions of brilliance
 E - 7 potions of mutation
 G - 4 potions of resistance
 H - 4 potions of lignification
 L - 5 potions of ambrosia
 T - 2 potions of cancellation
Miscellaneous
 J - a phantom mirror
 Z - a phial of floods


   Skills:
 - Level 15.0 Fighting
 - Level 22.0 Long Blades
 - Level 4.0 Throwing
 - Level 18.0 Dodging
 - Level 10.0 Stealth
 - Level 8.0 Spellcasting
 - Level 4.0 Conjurations
 * Level 15.4 Hexes
 - Level 6.0 Summonings
 - Level 12.0 Air Magic
 - Level 4.0 Alchemy
 - Level 12.0 Invocations
 - Level 8.0 Evocations
 - Level 12.7 Shapeshifting


You had 9 spell levels left.
You knew the following spells:

 Your Spells              Type           Power      Damage    Failure   Level
a - Dazzling Flash        Conj/Hex       60%        N/A       1%          3
b - Slow                  Hex            100%       N/A       1%          1
c - Yara's Violent Unrav  Hex/Alch       15%        3d8       7%          5
d - Summon Mana Viper     Hex/Summ       33%        N/A       4%          5
r - Enfeeble              Hex            22%        N/A       21%         7
s - Swiftness             Air            36%        N/A       1%          3
w - Silence               Hex/Air        20%        N/A       1%          5

Your spell library contained the following spells:

 Spells                   Type           Power      Damage    Failure   Level
 Summon Small Mammal      Summ           80%        N/A       1%          1
 Ensorcelled Hibernation  Hex/Ice        50%        N/A       1%          2
 Jinxbite                 Hex            90%        N/A       1%          2
 Static Discharge         Conj/Air       52%        3-6/arc   1%          2
 Confusing Touch          Hex            45%        N/A       1%          3
 Inner Flame              Hex/Fire       37%        N/A       1%          3
 Sigil of Binding         Hex            45%        N/A       1%          3
 Airstrike                Air            18%        2d(3-19)  1%          4
 Sting                    Conj/Alch      60%        1d6       2%          1
 Cigotuvi's Dreadful Rot  Necr/Alch/Air  38%        N/A       2%          2
 Mephitic Cloud           Conj/Alch/Air  22%        N/A       2%          3
 Call Canine Familiar     Summ           20%        N/A       3%          3
 Summon Lightning Spire   Summ/Air       28%        N/A       3%          4
 Foxfire                  Conj/Fire      60%        2x1d7     6%          1
 Anguish                  Hex/Necr       12%        N/A       6%          4
 Dimensional Bullseye     Hex/Tloc       12%        N/A       6%          4
 Summon Ice Beast         Ice/Summ       13%        N/A       12%         3
 Vhi's Electric Charge    Tloc/Air       40%        N/A       12%         4
 Apportation              Tloc           10%        N/A       14%         1
 Necrotise                Necr           20%        1d5       14%         1
 Sandblast                Erth           10%        2d5       14%         1
 Arcjolt                  Conj/Air       13%        1d23      14%         5
 Metabolic Englaciation   Hex/Ice        12%        N/A       16%         5
 Stone Arrow              Conj/Erth      20%        3d8       19%         3
 Lesser Beckoning         Tloc           10%        N/A       21%         2
 Martyr's Knell           Necr/Summ      13%        N/A       36%         4
 Summon Blazeheart Golem  Fire/Summ      19%        N/A       36%         4
 Frozen Ramparts          Ice            10%        1d2       38%         3
 Gell's Gravitas          Tloc           5%         N/A       38%         3
 Passwall                 Erth           5%         N/A       38%         3
 Teleport Other           Tloc           5%         N/A       38%         3
 Vampiric Draining        Necr           5%         2d6       38%         3
 Freezing Cloud           Conj/Ice/Air   9%         6-21      41%         5
 Brom's Barrelling Bould  Conj/Erth      10%        2d3       52%         4
 Flame Wave               Conj/Fire      15%        2d7       52%         4
 Leda's Liquefaction      Alch/Erth      5%         N/A       52%         4
 Petrify                  Alch/Erth      10%        N/A       52%         4
 Sticky Flame             Fire/Alch      15%        2d5       52%         4
 Alistair's Intoxication  Alch           10%        N/A       58%         5
 Iskenderun's Battlesphe  Conj           15%        2d7       58%         5
 Conjure Ball Lightning   Conj/Air       13%        3x3d6     61%         6
 Summon Forest            Summ/Tloc      6%         N/A       73%         5
 Dispel Undead            Necr           5%         3d7       80%         4
 Fireball                 Conj/Fire      7%         3d5       86%         5
 Summon Cactus Giant      Summ           10%        N/A       87%         6
 Borgnjor's Vile Clutch   Necr/Erth      2%         N/A       98%         5
 Curse of Agony           Necr           5%         N/A       98%         5
 Lee's Rapid Deconstruct  Erth           2%         3d5*      98%         5
 Eringya's Noxious Bog    Alch           7%         4d6       99%         6
 Bombard                  Conj/Erth      5%         9d2       100%        6
 Death Channel            Necr           2%         N/A       100%        6
 Sculpt Simulacrum        Ice/Alch       5%         N/A       100%        6
 Monstrous Menagerie      Summ           10%        N/A       100%        7
 Orb of Destruction       Conj           7%         9d6       100%        7
 Ozocubu's Refrigeration  Ice            2%         4d8       100%        7
 Summon Hydra             Summ           10%        N/A       100%        7
 Lehudib's Crystal Spear  Conj/Erth      5%         10d3      100%        8
 Maxwell's Capacitive Co  Air            18%        ∞         100%        8
 Dragon's Call            Summ           10%        N/A       100%        9
 Animate Armour           Summ/Erth      Unusable   N/A       N/A         4

Dungeon Overview and Level Annotations

Branches:
Dungeon (15/15)            Temple (0/1) D:7            Lair (5/5) D:9
 Shoals (4/4) Lair:3        Snake (4/4) Lair:3        Slime (0/5) Lair:4
    Orc (2/2) D:9             Elf (3/3) Orc:2        Vaults (4/5) D:14
  Crypt (0/3) Vaults:3     Depths (3/4) D:15          Sewer (visited)
 Bailey (visited)          WizLab (visited)

Altars:
Ashenzari
Elyvilon
Fedhas
Kikubaaqudgha
Makhleb
Qazlal
Ru
Sif Muna
Trog
Vehumet
Wu Jian
Yredelemnul
Zin
The Shining One
Jiyva

Shops:
D:8 *   Orc:2 (!([   Shoals:3 =   Snake:2 [*[:*([

Portals:
Hell: Depths:1 Depths:2 Depths:3
Abyss: Depths:3
Pandemonium: Depths:1 Depths:2
Ziggurat: Depths:1

Annotations:
D:3 1 runed translucent door, Tollund's ghost, amateur GnWr
Shoals:3 2 transporters, Koceploe's ghost, adept MfGl
Elf:2 3 runed translucent doors
Vaults:3 2 runed translucent doors, Antoec's ghost, adept VSBr


Innate Abilities, Weirdness & Mutations

You are a creature with a mouth for a stomach.
Your midsection houses a second, enormous mouth.
You can breathe bolts of dispelling energy.
Your rich purple scales are hard. (AC +11)
You cannot fit into any form of body armour.
You are cold-blooded and may be slowed by cold attacks.


Message History

Okay, then.
Magic scrolls do not work when you're silenced!
You feel much better.
The frost giant hits you with a +1 battleaxe of freezing.
* * * LOW HITPOINT WARNING * * *
You feel yourself slow down. The frost giant freezes you.
* * * LOW HITPOINT WARNING * * *
Unknown command.
You feel much better.
The shadow dragon bites you but does no damage.
The shadow dragon claws you but does no damage.
The shadow dragon barely misses you.
The shadow dragon breathes negative energy at you.
The bolt of negative energy hits you!!
You feel drained.
* * * LOW HITPOINT WARNING * * *
The frost giant closely misses you.
You feel much better.
You feel yourself speed up.
The shadow dragon breathes negative energy at you.
The bolt of negative energy hits you!!
You feel drained.
* * * LOW HITPOINT WARNING * * *
The shadow dragon completely misses you.
The shadow dragon misses you.
The shadow dragon claws you but does no damage.
The vampire knight gestures wildly while chanting.
The vampire knight seems to speed up.
The frost giant hits you with a +1 battleaxe of freezing!!
* * * LOW HITPOINT WARNING * * *
The frost giant freezes you.
* * * LOW HITPOINT WARNING * * *
Unknown command.
You feel much better. The shadow dragon closely misses you.
The shadow dragon completely misses you. x3
The shadow dragon barely misses you. The shadow dragon closely misses you.
The vampire knight casts a spell at you.
The vampire knight blinks!
The frost giant hits you with a +1 battleaxe of freezing!!
* * * LOW HITPOINT WARNING * * *
The frost giant freezes you!
You die...

##..#..
##....
#..#..#
##..... #
#..#..#
#......
##.###..#..
#......
''.''..#§.#
#......
'.''.2§..#
##......
##.Q#2)#
#....>..
#.2#CD##
#.......
#..#WD#
#.......
.###..#..#
#.......
.#..#..#..##
#.......
#§.§..#..§.V#
#.......
..#..#..#..#
###.....
#..#...#..##
#.....
#..#...#..#
###...
#..#...#..#
##....
#...(...##
##...).


You could see 2 shadow dragons, a frost giant (summoned), a vampire knight
(summoned, fast), 2 shadow demons and a tengu conjurer (summoned).

Vanquished Creatures
  Boris (Depths:1)
  Margery (Vaults:3)
  7 caustic shrikes
  Nikola (Elf:3)
  3 golden dragons
  3 hellephants
  A tentacled monstrosity (Depths:1)
  A walking divine tome (Depths:3)
  2 liches
  2 deep elf blademasters (Elf:3)
  3 deep elf master archers
  A searing wretch (Vaults:3)
  A shadow dragon (Depths:3)
  Donald (Vaults:3)
  A storm dragon (Depths:3)
  2 tengu reavers
  A daeva (Shoals:3)
  Kirke (D:12)
  6 nagarajas
  Ilsuiw (Shoals:1)
  A fenstrider witch (Shoals:1)
  3 revenants (WizLab)
  An azure jelly (Elf:3)
  11 deep elf sorcerers
  An iron dragon (Depths:3)
  3 frost giants
  8 fire giants
  Louise (Shoals:4)
  A ghost moth (Depths:2)
  3 spectral caustic shrikes (Depths:2)
  9 vault wardens
  4 deep elf elementalists (Elf:3)
  3 very ugly things
  2 spriggan defenders
  4 formless jellyfish
  8 stone giants
  19 ironbound preservers
  An orc warlord (Vaults:4)
  5 ironbound thunderhulks
  8 deep elf annihilators (Elf:3)
  2 spectral titans (WizLab)
  3 deep elf demonologists
  An apis (Shoals:4)
  5 vampire knights
  A war gargoyle (Vaults:4)
  3 deep elf death magi (Elf:3)
  Azrael (D:13)
  11 dire elephants
  2 spark wasps
  6 merfolk javelineers
  7 jiangshi
  An eidolon (WizLab)
  2 entropy weavers
  3 ettins
  3 deep elf high priests
  4 fire dragons
  9 merfolk impalers
  6 great orbs of eyes
  8 ice dragons
  8 yaktaur captains
  A peacekeeper (Vaults:4)
  Erolcha (D:13)
  4 hydras
  5 rakshasas
  A salamander tyrant (Snake:4)
  4 spriggan air magi
  6 vault guards
  11 ironbound frosthearts
  22 centaur warriors
  9 anacondas
  2 catoblepae
  3 ogre magi
  2 alligator snapping turtles (Shoals:4)
  5 merfolk avatars
  13 two-headed ogres
  4 merfolk aquamancers
  2 deep troll shamans
  4 satyrs
  18 naga warriors
  6 tengu warriors
  11 dancing weapons
  2 death yaks (Shoals:4)
  2 hell hogs (Depths:1)
  4 vampire magi
  An occultist (Depths:2)
  7 boulder beetles
  6 deep troll earth magi
  12 naga sharpshooters
  2 spriggan berserkers (Depths:3)
  Urug (D:13)
  12 shock serpents
  Nergalle (D:12)
  10 deep elf knights
  2 spriggans
  4 hell knights
  2 storm dragon zombies (D:15)
  A fire crab (D:11)
  4 iron trolls
  Amaemon (D:11)
  6 shadow wraiths
  6 cherubim (Shoals:4)
  A goliath frog (Lair:5)
  A spectral spark wasp (WizLab)
  4 sea snakes
  8 skeletal warriors
  3 glowing orange brains
  6 salamander mystics
  3 skysharks
  10 naga ritualists
  3 flayed ghosts
  14 mana vipers
  54 deep trolls
  13 deep elf archers
  12 ironbound convokers
  A shadow demon (Depths:3)
  7 arcanists
  18 harpies
  18 deep elf zephyrmancers
  10 lindwurms
  A wolf spider zombie (WizLab)
  8 phantasmal warriors
  A spectral wolf spider (WizLab)
  4 necromancers
  9 orc knights
  21 deep elf pyromancers
  A human zombie (Vaults:2)
  A stone giant zombie (Vaults:4)
  A tengu skeleton (Vaults:2)
  34 ugly things
  23 salamanders
  2 orc sorcerers (Orc:2)
  A salamander (shapeshifter) (Depths:1)
  3 meliai (D:13)
  3 fauns
  14 manticores
  10 cyclopes
  A human skeleton (Vaults:4)
  4 guardian serpents
  20 naga magi
  20 elephants
  43 black mambas
  A kobold blastminer (Orc:1)
  3 water nymphs (Shoals:4)
  9 merfolk sirens
  An orange demon (D:11)
  20 vault sentinels
  22 cane toads
  An unseen horror (D:11)
  3 torpor snails
  3 gargoyles
  3 rime drakes
  21 yaktaurs
  7 tengu conjurers
  4 komodo dragons
  16 trolls
  24 merfolk
  2 spectral harpies (WizLab)
  A harpy zombie (WizLab)
  8 wind drakes
  5 hornets
  18 blink frogs
  A tyrant leech (Lair:5)
  18 dream sheep
  2 human simulacra
  8 snapping turtles
  2 glass eyes
  A shadow (D:13)
  45 slime creatures
  An elf skeleton (Vaults:4)
  A jumping spider (Vaults:4)
  A vampire (D:11)
  A deep troll skeleton (Vaults:4)
  12 water elementals
  5 wraiths
  6 basilisks
  2 air elementals
  5 wyverns
  38 yaks
  A steam dragon (D:7)
  5 fire elementals
  5 wargs
  A hog (D:12)
  5 vampire mosquitoes
  Menkaure (D:6)
  A swamp worm (Depths:2)
  39 nagas
  2 acid dragons
  12 water moccasins
  2 hell hounds (D:13)
  20 orc warriors
  An ice beast (D:4)
  A swamp worm (shapeshifter) (Depths:3)
  4 black bears
  6 boggarts (Vaults:1)
  24 ogres
  9 centaurs
  A phantom (D:7)
  2 kobold brigands
  A brain worm (shapeshifter) (Elf:3)
  19 bullfrogs
  A gnoll sergeant (D:8)
  4 earth elementals (Elf:3)
  A scorpion (D:5)
  8 killer bees (D:9)
  7 electric eels
  7 hounds
  4 jellies (Lair:4)
  3 bombardier beetles
  A gnoll bouda (D:4)
  5 orc priests
  Crazy Yiuf (D:7)
  3 iguanas
  17 orc wizards
  A sleepcap (D:5)
  12 hell rats (Lair:4)
  A mummy (D:6)
  16 gnolls
  11 adders
  2 shadow imps
  2 ribbon worms
  13 dart slugs
  53 orcs
  13 ball pythons
  12 endoplasms
  13 giant cockroaches
  15 goblins
  19 hobgoblins
  8 jackals
  5 quokkas
  3 training dummies (Elf:1)
  5 bats
  10 frilled lizards
  2 hobgoblin zombies (D:6)
  18 kobolds
  A kobold zombie (D:6)
  An orc zombie (D:6)
  8 rats
1642 creatures vanquished.

Vanquished Creatures (collateral kills)
  Zenata (Vaults:1)
  An orc warlord (Bailey)
  2 merfolk impalers (Shoals:4)
  3 merfolk javelineers (Shoals:4)
  A hydra (Lair:3)
  2 merfolk aquamancers (Shoals:4)
  A two-headed ogre (D:8)
  2 orc knights (Bailey)
  A manticore (Shoals:4)
  A merfolk siren (Shoals:2)
  A merfolk (Shoals:4)
  A hornet (D:8)
  A tyrant leech (Lair:5)
  2 blink frogs
  A snapping turtle (Shoals:4)
  A dream sheep (Shoals:1)
  2 vampire mosquitoes (Lair:5)
  A bullfrog (Lair:5)
  2 goblins (Bailey)
  A hobgoblin (Bailey)
28 creatures vanquished.

Vanquished Creatures (others)
  A deep elf knight (Elf:3)
  A harpy (Shoals:3)
  A merfolk (Shoals:3)
  3 humans (D:12)
  An orc (Orc:2)
  26 spectral weapons
33 creatures vanquished.

Grand Total: 1703 creatures vanquished

Notes
Turn   | Place    | Note
-------+----------+-------------------------------------------
     0 | D:1      | Laraso the Draconian Monk began the quest for the Orb.
     0 | D:1      | Reached XP level 1. HP: 19/19 MP: 1/1
   112 | D:1      | Reached XP level 2. HP: 25/26 MP: 2/2
   710 | D:2      | Reached skill level 4 in Long Blades
   763 | D:2      | Reached XP level 3. HP: 30/31 MP: 3/3
   817 | D:2      | Found a faded altar of an unknown god.
  1580 | D:3      | Reached XP level 4. HP: 38/38 MP: 4/4
  1607 | D:3      | Found a shimmering blue altar of Sif Muna.
  1631 | D:3      | Reached skill level 5 in Long Blades
  1631 | D:3      | Identified a scroll of acquirement
  1631 | D:3      | Acquired 735 gold pieces
  1643 | D:3      | Found a runed translucent door.
  1643 | D:3      | Noticed Tollund's ghost (amateur GnWr)
  1967 | D:3      | Found a radiant altar of Vehumet.
  1967 | D:3      | Found a glowing golden altar of the Shining One.
  1969 | D:3      | Found an ornate altar of the Wu Jian Council.
  2029 | D:3      | Reached XP level 5. HP: 45/45 MP: 5/5
  2245 | D:4      | Identified the +11 spear of Abuse {antimagic, ^Drain rN++
                  | rCorr Str+2}
  2385 | D:4      | Noticed an ogre
  2396 | D:4      | Killed an ogre
  2397 | D:4      | Reached skill level 6 in Long Blades
  2537 | D:4      | Found a burning altar of Makhleb.
  2684 | D:4      | Became a worshipper of Makhleb the Destroyer
  2684 | D:4      | Reached * piety under Makhleb
  2684 | D:4      | Reached ** piety under Makhleb
  2865 | D:5      | Entered Level 5 of the Dungeon
  2900 | D:4      | Reached XP level 6. HP: 5/51 MP: 6/6
  3077 | D:3      | Learned a level 3 spell: Swiftness
  3583 | D:5      | Your scales start taking on a rich purple colour.
  3583 | D:5      | Reached XP level 7. HP: 42/57 MP: 6/8
  3856 | D:5      | Found a sacrificial altar of Ru.
  4119 | D:6      | Found a blossoming altar of Fedhas.
  4139 | D:6      | Found a glowing drain.
  4174 | Sewer    | Entered a sewer
  4239 | Sewer    | Reached skill level 7 in Long Blades
  4344 | Sewer    | Reached *** piety under Makhleb
  4608 | Sewer    | Reached XP level 8. HP: 46/63 MP: 11/11
  4739 | D:6      | Reached skill level 8 in Long Blades
  4751 | D:6      | Reached **** piety under Makhleb
  4799 | D:6      | Found a white marble altar of Elyvilon.
  5114 | D:6      | Noticed Menkaure
  5223 | D:6      | Reached skill level 9 in Long Blades
  5225 | D:6      | Killed Menkaure
  5383 | D:7      | Found a staircase to the Ecumenical Temple.
  5652 | D:7      | Reached XP level 9. HP: 70/70 MP: 12/12
  5666 | D:7      | Reached skill level 10 in Long Blades
  6020 | D:7      | Found a runed translucent door.
  6021 | D:7      | Noticed Crazy Yiuf
  6030 | D:7      | Killed Crazy Yiuf
  6658 | D:8      | Paralysed by a hornet for 1 turns
  6665 | D:8      | Reached skill level 11 in Long Blades
  6934 | D:8      | Found a broken altar of Ashenzari.
  6990 | D:8      | Noticed a two-headed ogre
  7004 | D:8      | Killed a two-headed ogre
  7005 | D:8      | Reached skill level 12 in Long Blades
  7532 | D:8      | Found Fug Zoppe's Overcharged Wands.
  8264 | D:9      | Reached XP level 10. HP: 74/75 MP: 13/13
  8413 | D:9      | Reached skill level 13 in Long Blades
  9223 | D:9      | Found a staircase to the Orcish Mines.
  9444 | D:9      | Found a staircase to the Lair.
  9566 | Lair:1   | Entered Level 1 of the Lair of Beasts
  9746 | Lair:1   | Noticed a cane toad
  9761 | Lair:1   | Killed a cane toad
  9762 | Lair:1   | Reached skill level 14 in Long Blades
 10082 | Lair:1   | Noticed a cane toad
 10085 | Lair:1   | Killed a cane toad
 10302 | D:10     | Entered Level 10 of the Dungeon
 10575 | D:10     | Found a flagged portal.
 10583 | D:10     | Reached ***** piety under Makhleb
 10597 | Bailey   | Entered a bailey
 10688 | Bailey   | Noticed an orc knight
 10699 | Bailey   | Killed an orc knight
 10700 | Bailey   | Reached skill level 5 in Fighting
 10965 | Bailey   | Noticed an orc knight
 10982 | Bailey   | Killed an orc knight
 10988 | Bailey   | Reached skill level 5 in Dodging
 11236 | Bailey   | Noticed an orc warlord
 11338 | Bailey   | Killed an orc warlord
 11339 | Bailey   | Reached XP level 11. HP: 88/89 MP: 14/14
 11407 | Bailey   | Reached skill level 1 in Shapeshifting
 11470 | Bailey   | Acquired a +3 triple sword of draining
 11855 | D:10     | Noticed a two-headed ogre
 11868 | D:10     | Killed a two-headed ogre
 12331 | D:10     | Reached XP level 12. HP: 96/96 MP: 15/15
 12332 | D:10     | Reached XP level 13. HP: 102/102 MP: 16/16
 13009 | Lair:2   | Found a transporter.
 13161 | Lair:2   | Found a transporter.
 13608 | Lair:2   | Reached skill level 10 in Fighting
 14523 | Lair:3   | Learned a level 3 spell: Dazzling Flash
 14591 | Lair:3   | Found a staircase to the Shoals.
 14810 | Lair:3   | Reached XP level 14. HP: 102/121 MP: 17/17
 14900 | Lair:3   | Found a staircase to the Snake Pit.
 15568 | Lair:4   | Reached skill level 10 in Dodging
 15873 | Lair:4   | Found a viscous altar of Jiyva.
 15980 | Lair:4   | Found a staircase to the Slime Pits.
 16159 | Lair:4   | Reached ****** piety under Makhleb
 16621 | Lair:5   | Entered Level 5 of the Lair of Beasts
 17357 | Lair:5   | Reached skill level 5 in Invocations
 17929 | Lair:5   | Reached skill level 5 in Evocations
 18988 | D:11     | Reached XP level 15. HP: 126/126 MP: 21/21
 19283 | D:11     | Noticed Amaemon
 19365 | D:11     | Found Filetik's Distillery.
 19370 | D:11     | Reached skill level 1 in Spellcasting
 19370 | D:11     | Reached skill level 1 in Hexes
 19394 | D:11     | Reached skill level 1 in Air Magic
 19437 | D:11     | Reached skill level 1 in Conjurations
 19725 | D:11     | Killed Amaemon
 19829 | Orc:1    | Entered Level 1 of the Orcish Mines
 20002 | Orc:2    | Entered Level 2 of the Orcish Mines
 20264 | Orc:2    | Learned a level 5 spell: Silence
 20270 | Orc:2    | Learned a level 5 spell: Yara's Violent Unravelling
 20842 | Orc:2    | Found Estin's Weapon Shoppe.
 20843 | Orc:2    | Found Koeffafo's Weapon Emporium.
 20848 | Orc:2    | Found Ososef's Armour Shop.
 20924 | Orc:2    | Found Ohesuosh's Distillery.
 20933 | Orc:2    | Bought a potion of berserk rage for 70 gold pieces
 20933 | Orc:2    | Bought a potion of heal wounds for 70 gold pieces
 20933 | Orc:2    | Bought a potion of heal wounds for 70 gold pieces
 20933 | Orc:2    | Bought a potion of mutation for 112 gold pieces
 20976 | Orc:2    | Found a staircase to the Elven Halls.
 21605 | D:12     | Noticed Kirke
 21620 | D:12     | Killed Kirke
 21641 | D:12     | Noticed Nergalle
 21658 | D:12     | Killed Nergalle
 21837 | D:12     | Found a flickering gateway to a bazaar.
 21863 | Bazaar   | Entered a bazaar
 21879 | Bazaar   | Found Faudghualu's General Store.
 21880 | Bazaar   | Found Byfi's Jewellery Emporium.
 21923 | Bazaar   | Found Jeecsuph's Jewellery Shoppe.
 21923 | Bazaar   | Found Kaecag's General Store.
 21945 | Bazaar   | Bought a scroll of revelation for 120 gold pieces
 21945 | Bazaar   | Bought a wand of digging (2) for 134 gold pieces
 21957 | Bazaar   | Bought the ring of the Hare {EV+10} for 1920 gold pieces
 21957 | Bazaar   | Found the ring of the Hare {EV+10}
 21985 | Bazaar   | Bought a scroll of blinking for 45 gold pieces
 22454 | D:13     | Reached skill level 15 in Long Blades
 22736 | D:13     | Noticed Azrael
 23140 | D:13     | Noticed Urug
 23150 | D:13     | Killed Urug
 23247 | D:13     | Noticed Erolcha
 23254 | D:13     | Killed Erolcha
 23292 | D:13     | Killed Azrael
 23709 | D:13     | Reached skill level 16 in Long Blades
 23906 | D:14     | Reached XP level 16. HP: 134/134 MP: 22/22
 24541 | D:14     | Found a gate to the Vaults.
 24838 | D:15     | Entered Level 15 of the Dungeon
 24922 | D:15     | Found a stormy altar of Qazlal.
 24936 | D:15     | Reached skill level 17 in Long Blades
 25133 | D:15     | Found a staircase to the Depths.
 25747 | D:15     | Found a blossoming altar of Fedhas.
 26219 | Shoals:1 | Entered Level 1 of the Shoals
 26426 | Shoals:1 | Reached skill level 18 in Long Blades
 26433 | Shoals:1 | Identified the ring "Fytrasuz" {Fire rElec rCorr Str+3}
 27209 | Shoals:2 | Noticed Ilsuiw
 27676 | Shoals:1 | Killed Ilsuiw
 28149 | Shoals:2 | Reached skill level 10 in Invocations
 28738 | Shoals:3 | Reached XP level 17. HP: 126/140 MP: 25/25
 29115 | Shoals:3 | Found Omahiec's Jewellery Boutique.
 29123 | Shoals:3 | Bought the amulet "Puname" {Spirit Regen+ Int+2} for 535
                  | gold pieces
 29396 | Shoals:3 | Found a transporter.
 29538 | Shoals:3 | Found a transporter.
 29635 | Shoals:3 | Found a bloodstained altar of Trog.
 29635 | Shoals:3 | Noticed Koceploe's ghost (adept MfGl)
 29919 | Shoals:4 | Entered Level 4 of the Shoals
 30166 | Shoals:4 | Reached skill level 19 in Long Blades
 30385 | Shoals:4 | Found a glowing silver altar of Zin.
 30503 | Shoals:4 | Found a white marble altar of Elyvilon.
 30703 | Shoals:3 | Reached skill level 20 in Long Blades
 31004 | Shoals:4 | Got a barnacled rune of Zot
 31051 | Shoals:4 | Found a glowing golden altar of the Shining One.
 31051 | Shoals:4 | Noticed Louise
 31274 | Shoals:4 | Killed Louise
 31870 | Snake:1  | Entered Level 1 of the Snake Pit
 32311 | Snake:1  | Reached skill level 21 in Long Blades
 32845 | Snake:2  | Identified the ring of Impatience {rC+ Str+6 Int+2}
 32966 | Snake:2  | Reached XP level 18. HP: 147/147 MP: 20/27
 33157 | Snake:2  | Found Edwadwig's Antique Armour Shoppe.
 33157 | Snake:2  | Found Moed's Book Emporium.
 33180 | Snake:2  | Found Ulueq's General Store.
 33312 | Snake:2  | Found Yguoni's Weapon Shop.
 33599 | Snake:2  | Found Wamiujysk's General Store.
 33850 | Snake:2  | Found Ympouraf's Antique Armour Shop.
 33879 | Snake:2  | Reached skill level 22 in Long Blades
 34068 | Snake:2  | Found Qutozo's Armour Shoppe.
 34346 | Snake:3  | Found a glowing golden altar of the Shining One.
 34415 | Snake:3  | Reached XP level 19. HP: 158/158 MP: 28/28
 34849 | Snake:4  | Entered Level 4 of the Snake Pit
 35995 | Abyss:1  | Cast into level 1 of the Abyss (salamander)
 36046 | Snake:4  | Escaped the Abyss
 36269 | Snake:4  | Reached skill level 15 in Fighting
 36550 | Snake:4  | Got a serpentine rune of Zot
 36966 | Vaults:1 | Entered Level 1 of the Vaults
 36982 | Vaults:1 | Reached XP level 20. HP: 178/178 MP: 26/29
 37037 | Vaults:1 | Reached skill level 1 in Stealth
 37105 | Vaults:1 | Learned a level 7 spell: Enfeeble
 37314 | Vaults:1 | Reached skill level 5 in Stealth
 37377 | Vaults:1 | Noticed Zenata
 37509 | Vaults:1 | Identified the granite talisman of the Hot Ocelot {Fly}
 38091 | Vaults:1 | Killed Zenata
 38650 | Vaults:2 | Identified the storm talisman "Cefutos" {*Slow rC+++ rN+
                  | MP-9}
 39046 | Vaults:2 | Paralysed by a formless jellyfish for 1 turns
 39177 | Vaults:2 | Reached skill level 15 in Dodging
 39684 | Vaults:3 | Noticed Donald
 39694 | Vaults:3 | Killed Donald
 39840 | Vaults:3 | Paralysed by a formless jellyfish for 1 turns
 39897 | Vaults:3 | Reached skill level 5 in Hexes
 39941 | Vaults:3 | Reached skill level 5 in Air Magic
 39944 | Vaults:3 | Reached XP level 21. HP: 180/184 MP: 25/30
 40317 | Vaults:3 | Found a large runed translucent door.
 40317 | Vaults:3 | Found a large runed translucent door.
 40318 | Vaults:3 | Noticed Antoec's ghost (adept VSBr)
 40341 | Vaults:3 | Identified the +3 sling "Gack" {heavy, Dex+4}
 40434 | Vaults:3 | Found a staircase to the Crypt.
 40434 | Vaults:3 | Found an ancient bone altar of Kikubaaqudgha.
 40435 | Vaults:3 | Found a basalt altar of Yredelemnul.
 40538 | Vaults:3 | Identified the dragon-blood talisman of Jehiss {rF++ rCorr
                  | MP+9 Dex-3}
 40759 | Vaults:3 | Noticed Margery
 40798 | Vaults:3 | Killed Margery
 41158 | Vaults:3 | Identified the +7 rapier of Harmony {venom, rElec Will+
                  | Int+3}
 41450 | Vaults:4 | Found a magical portal.
 41463 | WizLab   | Entered Borgnjor's Mausoleum
 41801 | Vaults:4 | Reached skill level 10 in Hexes
 41871 | Vaults:4 | Reached skill level 10 in Air Magic
 42221 | Vaults:4 | Identified the ring of Zinad {Ice rElec SInv}
 43053 | Vaults:1 | Reached XP level 22. HP: 188/192 MP: 29/31
 43512 | Depths:1 | Entered Level 1 of the Depths
 43818 | Depths:1 | Noticed Boris
 43835 | Depths:1 | Killed Boris
 43956 | Depths:1 | Found a gateway to Hell.
 44057 | Depths:1 | Found a one-way gate leading to the halls of Pandemonium.
 44104 | Depths:1 | Noticed a caustic shrike
 44119 | Depths:1 | Killed a caustic shrike
 44130 | Depths:1 | Found a runed translucent door.
 44322 | Depths:1 | Found a one-way gateway to a ziggurat.
 44824 | Elf:1    | Entered Level 1 of the Elven Halls
 44934 | Elf:1    | Identified the +2 falchion of the Whale {vamp, Str+2}
 44981 | Elf:1    | You fall into a shaft and drop 1 floor!
 44988 | Elf:2    | Found a runed translucent gate.
 44988 | Elf:2    | Found a runed translucent gate.
 44988 | Elf:2    | Found a runed translucent gate.
 45166 | Elf:2    | Paralysed by an air elemental for 1 turns
 45716 | Elf:1    | Got the Quarto of Massed Destruction
 46274 | Elf:3    | Entered Level 3 of the Elven Halls
 46424 | Elf:3    | Paralysed by an air elemental for 1 turns
 46631 | Elf:3    | Noticed Nikola
 46645 | Elf:3    | Killed Nikola
 47295 | Elf:3    | Reached skill level 5 in Spellcasting
 47497 | Elf:3    | Identified the +5 great sword "Inyh" {vamp, rPois rF++
                  | Int-3 Dex+2}
 47555 | Elf:3    | Identified the +6 demon whip "Nooph" {vamp, rF+ Int+3}
 48034 | Elf:3    | Reached skill level 1 in Alchemy
 48038 | Elf:3    | Got the Precepts of the Tesseract and Ensorcelling
 48051 | Elf:3    | Learned a level 1 spell: Slow
 48057 | Elf:3    | Learned a level 5 spell: Summon Mana Viper
 48108 | Elf:3    | Got the Vellum of Ice
 48155 | Elf:3    | Identified the +0 helmet of Yredelemnul's Wrath {rN+ Int+4
                  | Dex-2}
 48201 | Elf:3    | Got the Disquisition on Polar Degeneration
 48212 | Elf:3    | Identified the +4 orcbow of Ointment {flame, Int+2}
 48733 | Depths:2 | Reached XP level 23. HP: 186/199 MP: 22/35
 48942 | Depths:2 | Reached skill level 1 in Summonings
 49283 | Depths:2 | Noticed a caustic shrike
 49507 | Depths:2 | Noticed a caustic shrike
 49519 | Depths:2 | Killed a caustic shrike
 49520 | Depths:2 | Reached skill level 5 in Summonings
 49524 | Depths:2 | Noticed a caustic shrike
 49547 | Depths:2 | Killed a caustic shrike
 49620 | Depths:2 | Identified the amulet of Modesty {Reflect rElec rN+ Slay-6
                  | SH+5}
 50079 | Depths:2 | Killed a caustic shrike
 50250 | Depths:3 | Noticed a caustic shrike
 50250 | Depths:3 | Noticed a caustic shrike
 50251 | Depths:3 | Noticed a caustic shrike
 50336 | Depths:3 | Found a one-way gate to the infinite horrors of the Abyss.
 50374 | Depths:3 | Found a basalt altar of Yredelemnul.
 50860 | Depths:3 | Killed a caustic shrike
 51101 | Depths:3 | Killed a caustic shrike
 51102 | Depths:3 | Reached skill level 10 in Stealth
 51162 | Depths:3 | Killed a caustic shrike
 51185 | Depths:3 | Reached skill level 15 in Hexes
 51526 | Depths:3 | HP: 8/172 [frost giant/+1 battleaxe of freezing[a shadow
                  | demon] (3)]
 51527 | Depths:3 | Slain by a frost giant

Illustrated notes

Levels and vault maps discovered:
D:1:      dpeg_arrival_pits, layout_rooms
D:2:      layout_loops_ring, hellmonk_ecumenical_altar_dog_temple,
          minmay_pentomino_o4
D:3:      layout_basic, nicolae_overflow_hidden_temple, gammafunk_ghost_grave
D:4:      layout_loops_ring, kennysheep_mini_moat
D:5:      layout_basic, nicolae_ru_the_path_less_chosen, glass_columns_a,
          chequers_serial_rivers_small_3, minmay_crystal_room
D:6:      layout_rooms, overflow_temple_1_default, elyvilon_altar_5,
          gup_sewer_entry_glass, minmay_mini_ossuary, uniq_menkaure
D:7:      layout_loops_ring, minmay_temple_entry_statues_fountains,
          grunt_decor_resistance, uniq_crazy_yiuf_cottage
D:8:      layout_basic, lemuel_tele_altar, nicolae_shop_overcharged_wands
D:9:      layout_roguey, lair_entry_dummy, orc_0_dummy
D:10:     layout_basic, enter_bailey_4
D:11:     layout_irregular_city, serial_shops, nicolae_shop_statue_plus,
          nzn_random_ring, uniq_amaemon
D:12:     layout_basic, serial_shops, bzr_in_the_mist, uniq_kirke, uniq_nergalle
D:13:     layout_stronghold, uniq_urug, uniq_erolcha, uniq_azrael
D:14:     layout_gridville, hellmonk_vaults_order_and_chaos,
          kennysheep_small_spiral
D:15:     gammafunk_depths_entry_grave, layout_grid_maze, fedhas_altar_3,
          nicolae_qazlal_scattered_showers
Lair:1:   layout_regular_city, lemuel_old_faithful
Lair:2:   gammafunk_boulding_lane, layout_regular_city,
          portal_ice_cave_entry_pillars_2, minivault_24
Lair:3:   layout_concentric_octagons, minmay_shoals_entry_lonely_mermaid,
          dummy_snake_entry, grunt_megastairs_5, lemuel_fruit_tree
Lair:4:   layout_gridlike, nicolae_slime_entry_field_trip,
          pdpol_lair_cavern_descent
Lair:5:   minmay_lair_end_frog_pond, layout_cave_pods, serial_bayou_lagoon_a
Shoals:1: layout_shoals, nicolae_shoals_beach_house_on_fowls_legs
Shoals:2: layout_shoals, uniq_ilsuiw
Shoals:3: layout_shoals, serial_shops, nicolae_diamond_shop,
          gammafunk_ghost_wrathful_warriors, nicolae_shoals_songs
Shoals:4: shoals_end_hellmonk_holy_island, uniq_louise
Snake:1:  layout_gridlike, serial_bayou_pond_e, serial_bayou_shore_b
Snake:2:  layout_basic, serial_shops, nicolae_stop_n_shop_1, shop,
          nicolae_shop_crystal, shop, grunt_ministairs_10,
          nicolae_snake_slithery_corners, serial_bayou_shore_a, minmay_shop_star
Snake:3:  layout_grid_shapes, basic_altar, nicolae_triple_integral
Snake:4:  johnstein_snake_rune_scales, layout_cave_shapes, grunt_megastairs_3
Orc:1:    layout_caves
Orc:2:    st_orc_open, layout_diamond_mine, mines2_lemuel
Elf:1:    layout_geoelf_octagon, minmay_elf_sorcery,
          nicolae_elf_archery_training
Elf:2:    nicolae_elf_blades_splatter_lattice [nicolae_blade_entry_antechamber],
          layout_onion_city, serial_sigils_hangedman_stare, minivault_27,
          nicolae_concentric_dashed_squares_wild
Elf:3:    minmay_elf_hall_spiked, layout_loops_corners, uniq_nikola
Vaults:1: ontoclasm_vaults_twist, nicolae_vaults_frosty_reception, v_misc_9,
          v_alt_pattern_5, v_pattern_5, nicolae_vaults_closet_pinwheel_2,
          nicolae_vaults_shelves_hall, nicolae_vaults_an_arrangement,
          vaults_room_fours, vaults_room_grid, nicolae_vaults_diamond_1,
          layout_vaults_quadrants, uniq_zenata
Vaults:2: nicolae_vaults_swerve, nicolae_vaults_storage_closets_2,
          nicolae_vaults_trapezoid_lopsided_4, v_pattern_2,
          nicolae_vaults_tetromino_Z_1, nicolae_vaults_sealed_display,
          nicolae_vaults_little_squares_2, nicolae_vaults_theta,
          nicolae_vaults_border_crossing, nicolae_vaults_apartment_2,
          vaults_room_semicircle, layout_vaults_big_room
Vaults:3: ebering_ghost_disaster_area, v_misc_19,
          ontoclasm_vaults_claustrophobia, nicolae_vaults_library_corner,
          hangedman_vaults_slice, nicolae_vaults_house_1,
          minmay_crypt_entry_necro_gods, nicolae_vaults_tetromino_Z_2,
          nicolae_vaults_network_star, nicolae_vaults_alarming,
          vaults_mumra_minichess, nicolae_vaults_apartment_2,
          hangedman_vaults_stream, grunt_vaults_diagonal, v_rooms_2,
          layout_vaults_omnicross, uniq_margery, uniq_donald
Vaults:4: infiniplex_enter_wizlab_glasses, hangedman_vaults_restitches,
          ontoclasm_vaults_spin, nicolae_vaults_cornered_office, v_rooms_6,
          ontoclasm_vaults_ring_small, v_alt_pattern_4, v_alt_pattern_6,
          hangedman_vaults_snaps, nicolae_vaults_little_squares_4,
          vaults_dpeg_ring, nicolae_vaults_theta, vaults_mumra_lcd,
          ontoclasm_vaults_pinch, nicolae_vaults_house_2, layout_vaults_omnibox
Depths:1: layout_cave_pools, enter_ziggurat_b, grunt_hell_horde, pan_entry,
          minmay_misc_feat_alley, minmay_misc_feat_ornament, chequers_jeans,
          minmay_hidden_floor, uniq_boris
Depths:2: minmay_the_grid_triangle_9x9_recursive_2_mashed
          [minmay_the_grid_triangle_9x9_prize_center,
          minmay_the_grid_triangle_9x9_descending_squares,
          minmay_the_grid_triangle_9x9_skeleton,
          minmay_the_grid_triangle_9x9_pentomino_pain], layout_cave_shapes,
          pan_entry, pf_hell_entry_tar_river, infiniplex_staircase_zigzag_5,
          kennysheep_random_hallway
Depths:3: regret_index_dithmenos_brocken_genspenst, layout_twisted_cross,
          abyss_entry_crystal, rand_demon_pan_entry_8, hell_entry,
          yredelemnul_altar_generic, evilmike_ambush
          [evilmike_ambush_outer_basic, evilmike_ambush_inner_basic]

Skill      XL: |  1  2  3  4  5  6  7  8  9 10 11 12 13 14 15 16 17 18 19 20 21 22 23 |
---------------+----------------------------------------------------------------------+-----
Long Blades    | 4 5 6 7 9 12 14 16 18 21 22 | 22.0
Throwing       | 2 4 |  4.0
Invocations    | 2 4 8 11 12 | 12.0
Evocations     | 4 7 8 |  8.0
Fighting       | 6 10 11 15 | 15.0
Dodging        | 6 8 12 15 16 18 | 18.0
Shapeshifting  | 9 11 12 | 12.7
Spellcasting   | 4 8 |  8.0
Hexes          | 4 5 11 12 15 | 15.4
Air Magic      | 4 5 10 12 | 12.0
Conjurations   | 4 |  4.0
Stealth        | 7 10 | 10.0
Alchemy        | 2 4 |  4.0
Summonings     | 6 |  6.0

Action                     |  1- 3 |  4- 6 |  7- 9 | 10-12 | 13-15 | 16-18 | 19-21 | 22-24 || total
---------------------------+-------+-------+-------+-------+-------+-------+-------+-------++-------
  Melee: Falchion          |   104 |   189 |       |       |       |       |       |       ||   293
         Tailslap          |    10 |    37 |    44 |    68 |   384 |   303 |   381 |   225 ||  1452
         Long sword        |       |       |   306 |   298 |  1255 |   771 |       |       ||  2630
         Maw               |       |       |       |       |   712 |   598 |   658 |   399 ||  2367
         Scimitar          |       |       |       |       |       |     7 |       |       ||     7
         Triple sword      |       |       |       |       |       |   515 |  1534 |  1025 ||  3074
  Throw: Javelin           |       |     1 |     2 |       |       |       |       |       ||     3
         Dart              |       |       |     2 |       |       |       |       |       ||     2
   Cast: Swiftness         |       |       |       |       |     1 |       |     1 |     2 ||     4
         Dazzling Flash    |       |       |       |       |       |     2 |       |     1 ||     3
         Silence           |       |       |       |       |       |       |       |    26 ||    26
 Invoke: Minor Destruction |       |     2 |    72 |    48 |    13 |    16 |     1 |       ||   152
         Lesser Servant of |       |       |     2 |     3 |     6 |     4 |       |       ||    15
         Greater Servant o |       |       |       |       |       |     2 |     1 |     1 ||     4
         Major Destruction |       |       |       |       |       |       |     1 |       ||     1
Ability: Breathe Dispellin |       |       |     9 |     8 |       |     1 |       |     1 ||    19
  Evoke: Wand              |       |       |     2 |     4 |     3 |     2 |     1 |       ||    12
         Phantom mirror    |       |       |       |     1 |     1 |     1 |       |       ||     3
         Phial of floods   |       |       |       |       |     1 |       |       |       ||     1
    Use: Scroll            |     3 |     6 |     6 |     6 |    12 |    12 |     8 |     8 ||    61
         Potion            |       |     1 |       |     3 |     1 |     2 |     3 |    10 ||    20
   Stab: Distracted        |       |       |       |     3 |    30 |    25 |     1 |     3 ||    62
         Petrified         |       |       |       |       |     6 |       |       |       ||     6
         Invisible         |       |       |       |       |       |     2 |       |     1 ||     3
         Sleeping          |       |       |       |       |       |     1 |    19 |    11 ||    31
 Armour: Skin              |    57 |   113 |   216 |   146 |   424 |   410 |   481 |   380 ||  2227
  Dodge: Dodged            |    58 |   110 |   188 |   157 |   950 |  1514 |  1813 |  1274 ||  6064
   Form: Maw               |       |       |       |       |     1 |       |       |       ||     1

Table legend: (Time is in decaauts)
 A = Elapsed time spent in this place.
 B = Non-inter-level travel time spent in this place.
 C = Inter-level travel time spent in this place.
 D = Time resting spent in this place.
 E = Time spent auto-exploring this place.
 F = Levels seen in this place.
 G = Mean time per level.
                   A        B        C        D        E       F      G
               +--------+--------+--------+--------+--------+-----+--------+
         Total |  50493 |  46203 |   4290 |   8913 |  23499 |  45 | 1122.1 |
       Dungeon |  16333 |  14458 |   1875 |   2840 |   8777 |  15 | 1088.9 |
          Lair |   6936 |   6358 |    578 |   1353 |   3526 |   5 | 1387.2 |
        Shoals |   5695 |   5049 |    646 |   1395 |   1761 |   4 | 1423.8 |
     Snake Pit |   4636 |   4407 |    229 |    616 |   2227 |   4 | 1159.0 |
  Orcish Mines |   1676 |   1467 |    209 |    130 |    862 |   2 |  838.0 |
   Elven Halls |   3432 |   3189 |    243 |    467 |   1568 |   3 | 1144.0 |
        Vaults |   5867 |   5498 |    369 |    314 |   3353 |   4 | 1466.8 |
        Depths |   3766 |   3627 |    139 |    935 |   1258 |   3 | 1255.3 |
         Abyss |     50 |     50 |      0 |     23 |      0 |   1 |   50.0 |
        Bazaar |    131 |    131 |      0 |      0 |     78 |   1 |  131.0 |
         Sewer |    580 |    580 |      0 |    239 |      7 |   1 |  580.0 |
        Bailey |   1116 |   1116 |      0 |    570 |     81 |   1 | 1116.0 |
        Wizlab |    270 |    270 |      0 |     29 |      0 |   1 |  270.0 |
               +--------+--------+--------+--------+--------+-----+--------+

Top non-repeatable levels by time:
     D:8: 1976 daAuts
   Elf:3: 1952 daAuts
Vaults:1: 1918 daAuts
  Lair:5: 1790 daAuts
Shoals:3: 1776 daAuts
Depths:2: 1570 daAuts
    D:13: 1543 daAuts
Vaults:3: 1532 daAuts
  Lair:2: 1429 daAuts
Shoals:1: 1393 daAuts
     D:9: 1393 daAuts
  Lair:1: 1357 daAuts
Shoals:4: 1331 daAuts
 Snake:2: 1307 daAuts
 Snake:4: 1285 daAuts
